 Dungeon Crawl Stone Soup version 0.26-a0-950-g52035dc9a5 (webtiles) character file.

Game seed: 6069690072380863954

4940 LabCoat the Cleaver (level 10, -1/129 HPs)
             Began as a Hill Orc Fighter on Nov 28, 2020.
             Was a Follower of Trog.
             Slain by a death yak (9 damage)
             ... on level 9 of the Dungeon on Nov 29, 2020.
             The game lasted 00:29:28 (8799 turns).

LabCoat the Cleaver (Hill Orc Fighter)              Turns: 8799, Time: 00:29:29

Health: -1/129     AC: 17    Str: 18    XL:     10   Next: 52%
Magic:  0/10       EV:  4    Int:  8    God:    Trog [*.....]
Gold:   368        SH: 11    Dex: 20    Spells: 9/9 levels left

rFire    . . .     SeeInvis .   o - +3 broad axe of Evil {elec, rPois Str-5 Dex+5}
rCold    . . .     Faith    .   c - +0 kite shield
rNeg     . . .     Spirit   +   g - +0 plate armour
rPois    +         Reflect  .   (no helmet)
rElec    +         Harm     .   y - +0 cloak
rCorr    .         Rampage  .   h - +0 pair of gloves
MR       .....                  B - +0 pair of boots
Stlth    ..........             l - amulet of guardian spirit
HPRegen  0.31/turn              w - ring of Meipey Zics {*Slow rElec Dex+5 Stlth-}
MPRegen  0.12/turn              (no ring)

@: berserking (expiring), slowed
A: no striking features
a: Berserk, Renounce Religion


You were on level 9 of the Dungeon.
You worshipped Trog.
Trog was aware of your devotion.
You visited 2 branches of the dungeon, and saw 10 of its levels.

You collected 530 gold pieces.
You spent 162 gold pieces at shops.

Inventory:

Hand Weapons
 a - a +1 war axe
 o - the +3 broad axe of Evil (weapon) {elec, rPois Str-5 Dex+5}
   (You bought it in a shop on level 6 of the Dungeon)

   Occasionally, upon striking a foe, it will discharge some electrical energy
   and cause terrible harm.
   It affects your strength (-5).
   It affects your dexterity (+5).
   It protects you from poison.
 q - a +0 mace
Missiles
 k - 15 boomerangs (quivered)
 u - 2 javelins
Armour
 c - a +0 kite shield (worn)
 g - a +0 plate armour (worn)
 h - a +0 pair of gloves (worn)
 t - +0 swamp dragon scales
 y - a +0 cloak (worn)
 B - a +0 pair of boots (worn)
Jewellery
 l - an amulet of guardian spirit (around neck)
 m - an uncursed ring of flight
 w - the ring of Meipey Zics (left hand) {*Slow rElec Dex+5 Stlth-}
   (You found it on level 6 of the Dungeon)

   [ring of attention]

   It affects your dexterity (+5).
   It insulates you from electricity.
   It may slow you when you take damage.
   It makes you less stealthy.
Wands
 A - a wand of enslavement (11)
 E - a wand of paralysis (6)
Scrolls
 b - 2 scrolls of identify
 r - 2 scrolls of teleportation
 x - 2 scrolls of amnesia
 z - a scroll of magic mapping {unknown}
 C - a scroll of torment {unknown}
 D - 3 scrolls of summoning
 G - a scroll of remove curse
 I - a scroll of random uselessness {unknown}
 K - a scroll of immolation {unknown}
Potions
 d - a potion of might
 e - 8 potions of curing
 f - 3 potions of heal wounds
 i - a potion of degeneration {unknown}
 j - 4 potions of flight
 n - 2 potions of cancellation {unknown}
 p - 2 potions of ambrosia {unknown}
 s - 4 potions of lignification {unknown}
 v - 2 potions of mutation {unknown}
 F - a potion of attraction {unknown}
 H - 2 potions of berserk rage {unknown}


   Skills:
 + Level 7.0 Fighting
 * Level 14.7 Axes
 + Level 1.2 Throwing
 + Level 6.9 Armour
 + Level 6.9 Shields
 + Level 0.9 Evocations


You had 9 spell levels left.
You didn't know any spells.
Your spell library contained the following spells:

 Spells                   Type           Power        Failure   Level
 Animate Skeleton         Necr           #.....       100%        1
 Apportation              Tloc           #.....       100%        1
 Corona                   Hex            #......      100%        1
 Magic Dart               Conj           #...         100%        1
 Summon Small Mammal      Summ           #...         100%        1
 Searing Ray              Conj           #.....       100%        2
 Dazzling Flash           Conj/Hex       #.....       100%        3
 Fulminant Prism          Conj/Hex       #.........   100%        4
 Iskenderun's Mystic Bla  Conj/Tloc      #.......     100%        4


Dungeon Overview and Level Annotations

Branches:
Dungeon (9/15)             Temple (1/1) D:6            Lair (0/6) D:9
    Orc: D:9-12

Altars:
Ashenzari
Cheibriados
Dithmenos
Elyvilon
Fedhas
Gozag
Hepliaklqana
Kikubaaqudgha
Makhleb
Nemelex Xobeh
Okawaru
Qazlal
Ru
Sif Muna
Trog
Uskayaw
Vehumet
Wu Jian
Xom
Yredelemnul
Zin
The Shining One

Shops:
D:6 (=[[=

Annotations:
D:7 1 runed translucent door


Message History

You hear the crackle of electricity.
o - the +3 broad axe of Evil (weapon)
{elec, rPois Str-5 Dex+5} The death yak gores you.
* * * LOW HITPOINT WARNING * * *
You hit the death yak but do no damage.
The death yak is moderately wounded.
You hit the death yak. You slice the orc!! Lightning courses through the orc!
You kill the orc!
Trog accepts your kill. You block the death yak's attack.
The death yak gores you but does no damage.
You slash the death yak!
The death yak is moderately wounded.
You slash the death yak!
You kill the death yak!
Trog accepts your kill.
The death yak snorts and paws the ground.
The death yak gores you but does no damage.
The death yak gores you!
You die...

...... ..... . .... ..
## ...#.>. #. .$..... +.
Y...... #)#Yl.....
##@####...
###############†.†.....#
.......#......#........+
.......#......#........#
.......#......#...#....#
.....#..... ##'##....#
#...#..#####...# ...#
#.<.....#..#...# ....
#.......#..#...# ...


You could see a death yak, a yak and a leopard gecko.

Vanquished Creatures
  Harold (D:7)
  A death yak (D:9)
  Maggie (D:8)
  Sigmund (D:3)
  2 yaks (D:9)
  2 orc warriors
  2 ice beasts (D:6)
  4 ogres
  2 phantoms
  4 centaurs
  2 bullfrogs (D:7)
  4 killer bees (D:7)
  2 howler monkeys
  5 wights (D:6)
  7 electric eels (D:8)
  A centaur zombie (D:8)
  5 hounds
  8 orc wizards
  A quasit (D:3)
  A centaur skeleton (D:4)
  6 orc priests
  Crazy Yiuf (D:7)
  3 bullfrog skeletons
  A gnoll shaman (D:4)
  5 iguanas
  9 worker ants
  A hound zombie (D:7)
  A hound skeleton (D:4)
  3 gnolls (D:4)
  2 worker ant zombies
  11 adders
  3 shadow imps (D:6)
  A white imp (D:4)
  An ufetubus (D:8)
  2 adder zombies
  An adder skeleton (D:6)
  2 worms
  2 dart slugs
  5 leopard geckos
  36 orcs
  8 giant cockroaches
  3 goblins
  4 hobgoblins
  3 quokkas
  4 bats
  5 frilled lizards
  11 kobolds
  2 leopard gecko skeletons
  A quokka skeleton (D:7)
  7 rats
200 creatures vanquished.

Vanquished Creatures (others)
  8 plants (D:8)
8 creatures vanquished.

Grand Total: 208 creatures vanquished

Notes
Turn   | Place    | Note
-------+----------+-------------------------------------------
     0 | D:1      | LabCoat the Hill Orc Fighter began the quest for the Orb.
     0 | D:1      | Reached XP level 1. HP: 19/19 MP: 1/1
    91 | D:1      | Reached skill level 3 in Axes
    91 | D:1      | Reached XP level 2. HP: 27/27 MP: 2/2
   167 | D:1      | Upgraded the game from 0.26-a0-946-g9485abf61d to
                  | 0.26-a0-950-g52035dc9a5
   897 | D:2      | Reached XP level 3. HP: 33/33 MP: 3/3
  1254 | D:2      | Reached skill level 4 in Axes
  1254 | D:2      | Reached XP level 4. HP: 21/40 MP: 4/4
  1825 | D:3      | Reached skill level 5 in Axes
  2211 | D:3      | Reached XP level 5. HP: 46/46 MP: 5/5
  2786 | D:3      | Reached skill level 6 in Axes
  2862 | D:3      | Noticed Sigmund
  2870 | D:3      | Killed Sigmund
  2871 | D:3      | Reached skill level 7 in Axes
  2871 | D:3      | Reached XP level 6. HP: 53/53 MP: 6/6
  3303 | D:4      | Reached XP level 7. HP: 58/60 MP: 5/7
  3444 | D:4      | Reached skill level 8 in Axes
  3710 | D:4      | You fall into a shaft and drop 2 floors!
  3715 | D:6      | Found Ruaboddi's Antique Weapon Boutique.
  3721 | D:6      | Bought a crystal broad axe for 162 gold pieces
  3721 | D:6      | Identified the +3 broad axe of Evil {elec, rPois Str-5
                  | Dex+5} (You bought it in a shop on level 6 of the Dungeon)
  3848 | D:5      | Entered Level 5 of the Dungeon
  3858 | D:5      | Reached skill level 9 in Axes
  3864 | D:6      | Reached skill level 5 in Shields
  3868 | D:6      | Reached XP level 8. HP: 39/67 MP: 5/8
  4012 | D:5      | Reached skill level 5 in Fighting
  4019 | D:5      | Reached skill level 10 in Axes
  4019 | D:5      | Reached skill level 5 in Armour
  4512 | D:4      | Found a glowing golden altar of the Shining One.
  5031 | D:5      | Reached skill level 11 in Axes
  5285 | D:6      | Found Leaq Tan's Antique Armour Shoppe.
  5378 | D:5      | Reached XP level 9. HP: 73/74 MP: 6/9
  5397 | D:6      | Reached skill level 12 in Axes
  5526 | D:6      | Found a staircase to the Ecumenical Temple.
  5841 | Temple   | Entered the Ecumenical Temple
  5848 | Temple   | Became a worshipper of Trog the Wrathful
  6099 | D:6      | Got a scorched amber ring
  6100 | D:6      | Identified the ring of Meipey Zics {*Slow rElec Dex+5
                  | Stlth-} (You found it on level 6 of the Dungeon)
  6104 | D:6      | Found Vifewiuq's Antique Armour Boutique.
  6138 | D:6      | Found Kifoc's Jewellery Shop.
  6232 | D:6      | Found an iron altar of Okawaru.
  6263 | D:6      | Found an ornate altar of the Wu Jian Council.
  6290 | D:6      | Found an opulent altar of Gozag.
  6314 | D:6      | Found Bueloso's Jewellery Shoppe.
  6493 | D:7      | Found a runed translucent door.
  6495 | D:7      | Noticed an angel
  6514 | D:7      | Found a glowing silver altar of Zin.
  6626 | D:7      | Reached skill level 13 in Axes
  7045 | D:7      | Reached skill level 1 in Throwing
  7092 | D:7      | Found a runed translucent door.
  7093 | D:7      | Noticed Crazy Yiuf
  7149 | D:7      | Noticed Harold
  7167 | D:7      | Killed Harold
  7168 | D:7      | Reached XP level 10. HP: 58/84 MP: 5/10
  7175 | D:7      | Reached skill level 14 in Axes
  7323 | D:7      | Reached * piety under Trog
  7424 | D:7      | Killed Crazy Yiuf
  8248 | D:8      | Found a burning altar of Makhleb.
  8294 | D:8      | Noticed Maggie
  8304 | D:8      | Killed Maggie
  8774 | D:9      | Noticed a death yak
  8775 | D:9      | Noticed a death yak
  8779 | D:9      | Noticed a death yak
  8791 | D:9      | Found a staircase to the Lair.
  8799 | D:9      | Killed a death yak
  8799 | D:9      | Slain by a death yak

Illustrated notes

Levels and vault maps discovered:
D:1:      dpeg_arrival_round_a, layout_basic
D:2:      layout_loops_ring, minmay_fractal_squares_gapless_5
D:3:      layout_basic, minivault_27, uniq_sigmund
D:4:      layout_rooms, tso_metal_star
D:5:      layout_basic
D:6:      layout_cave_pods, general_overflow_altar,
          minmay_temple_entry_stoned_glass, basic_altar, serial_shops,
          shop_statue, nicolae_shop_competitors_out_of_business, shop,
          nicolae_shop_trees, shop, okawaru_metal_pillars_1_2
D:7:      layout_basic, lemuel_angel_altar, uniq_harold, uniq_crazy_yiuf_cottage
D:8:      layout_gridville, serial_bayou, serial_bayou_pond_d,
          serial_bayou_pond_d, serial_bayou_lake_a, serial_bayou_lagoon_b,
          basic_altar, uniq_maggie
D:9:      hangedman_cross_stitches, layout_grid_maze, dpeg_lair_monsters
Temple:   compressed_dpeg_triangle_lava_temple

Skill      XL: |  1  2  3  4  5  6  7  8  9 10 |
---------------+-------------------------------+-----
Axes           | 3 4 5 7 9 11 13 14 | 14.7
Fighting       | 4 5 6 7 |  7.0
Shields        | 4 5 6 |  6.9
Armour         | 4 5 6 |  6.9
Throwing       | 1 |  1.2
Evocations     | |  0.9

Action                   |  1- 3 |  4- 6 |  7- 9 | 10-12 || total
-------------------------+-------+-------+-------+-------++-------
Melee: War axe           |   108 |   156 |   341 |   142 ||   747
       Broad axe         |       |       |       |     2 ||     2
Throw: Boomerang         |       |       |     9 |     2 ||    11
       Javelin           |       |       |     2 |       ||     2
Invok: Berserk           |       |       |       |     1 ||     1
Evoke: Wand              |       |       |     6 |     4 ||    10
  Use: Potion            |       |     2 |     1 |       ||     3
       Scroll            |       |     2 |     6 |     3 ||    11
Armor: Scale mail        |    61 |    53 |       |       ||   114
       Plate armour      |       |    83 |   188 |    43 ||   314
Dodge: Dodged            |    31 |    38 |    60 |    13 ||   142
Block: Kite shield       |    57 |    81 |   208 |    43 ||   389

Table legend: (Time is in decaauts)
 A = Elapsed time spent in this place.
 B = Non-inter-level travel time spent in this place.
 C = Inter-level travel time spent in this place.
 D = Time resting spent in this place.
 E = Time spent auto-exploring this place.
 F = Levels seen in this place.
 G = Mean time per level.
                   A        B        C        D        E       F      G
               +--------+--------+--------+--------+--------+-----+--------+
         Total |   8927 |   8730 |    197 |   2331 |   4838 |  10 |  892.7 |
       Dungeon |   8810 |   8625 |    185 |   2331 |   4740 |   9 |  978.9 |
        Temple |    117 |    105 |     12 |      0 |     98 |   1 |  117.0 |
               +--------+--------+--------+--------+--------+-----+--------+

Top non-repeatable levels by time:
     D:3: 1562 daAuts
     D:6: 1439 daAuts
     D:8: 1294 daAuts
     D:7: 1001 daAuts
     D:4: 961 daAuts
     D:1: 907 daAuts
     D:2: 904 daAuts
     D:5: 686 daAuts
  Temple: 117 daAuts
     D:9: 52 daAuts
